 Dungeon Crawl Stone Soup version 0.16-a0-1885-g0f03bb0 (webtiles) character file.

133 Kraw the Cutter (level 5, -6/35 HPs)
             Began as a Halfling Abyssal Knight on Nov 7, 2014.
             Was a Believer of Lugonu.
             Mangled by a gnoll
             ... wielding a +0 halberd
              (14 damage)
             ... on level 2 of the Dungeon.
             The game lasted 00:12:29 (3611 turns).

Kraw the Cutter (Halfling Abyssal Knight)           Turns: 3611, Time: 00:12:29

Health: -6/35      AC:  3    Str: 12    XL:     5   Next: 40%
Magic:  9/9        EV: 12    Int: 12    God:    Lugonu [**....]
Gold:   78         SH:  0    Dex: 14    Spells: 0 memorised, 4 levels left

rFire  . . .     SeeInvis .     a - +2 dagger (venom)
rCold  . . .     Clarity  .     b - +0 leather armour
rNeg   . . .     SustAb   .     (no shield)
rPois  .         Gourm    .     (no helmet)
rElec  .         Spirit   .     (no cloak)
rCorr  .         Warding  .     (no gloves)
rMut   .         Stasis   .     (no boots)
MR     .....                    (no amulet)
Stlth  +.........               (no ring)
                                (no ring)

@: not resistant to hostile enchantments, very unstealthy
A: mutation resistance 1
a: Depart the Abyss, Bend Space, Renounce Religion


You were on level 2 of the Dungeon.
You worshipped Lugonu.
Lugonu was pleased with you.
You were not hungry.

You visited 1 branch of the dungeon, and saw 3 of its levels.
You visited the Abyss 1 time.

You collected 78 gold pieces.

Inventory:

Hand weapons
 a - a +2 dagger of venom (weapon)
 u - a +1 short sword
Missiles
 p - 17 stones (quivered)
 s - 24 sling bullets
Armour
 b - a +0 leather armour (worn)
Jewellery
 k - a cursed ring of loudness {unknown}
 m - an uncursed ring of sustain abilities {unknown}
 q - an uncursed ring of magical power {unknown}
Scrolls
 d - 2 scrolls of enchant weapon {unknown}
 e - 3 scrolls of identify {unknown}
 g - a scroll of enchant armour {unknown}
 r - a scroll of remove curse {unknown}
 t - a scroll of noise {unknown}
Potions
 f - a potion of confusion
 h - a potion of magic
 i - a potion of heal wounds {unknown}
 j - a potion of invisibility {unknown}
 l - a potion of resistance {unknown}
 o - a potion of haste {unknown}
Comestibles
 c - 5 bread rations
 n - a meat ration


   Skills:
 - Level 2.6 Fighting
 + Level 5.2 Short Blades
 - Level 2.1 Armour
 - Level 1.1 Dodging
 + Level 4.1 Invocations


You had 4 spell levels left.
You didn't know any spells.

Dungeon Overview and Level Annotations

Branches:
Dungeon (3/15)

Altars:


Innate Abilities, Weirdness & Mutations

You are small and have problems with some larger weapons.
You are somewhat resistant to further mutation.


Message History

Adjust to which letter? (? for menu, Esc to quit)
a - a +2 dagger of venom (weapon);
u - a +1 short sword Done exploring.
There is a stone staircase leading down, spattered with blood here.
You climb downwards.
There is a stone staircase leading up here.
Done exploring.
There is a stone staircase leading up here.
There is a stone staircase leading down, spattered with blood here.
You climb downwards.
The gnoll hits you with a halberd. The gnoll hits you with a club.
There is a stone staircase leading up, spattered with blood here.
The gnoll hits you with a halberd! The gnoll hits you with a club.
You climb upwards.
There is a stone staircase leading down, spattered with blood here.
The gnoll hits you from afar with a halberd!
* * * LOW HITPOINT WARNING * * *
There is a stone staircase leading up here.
The gnoll hits you from afar with a halberd!
You die...

############ #..........#
## #..........# .#
#..........######
.########.........(##...#
...............>...##.#.#
######.##.....g.g.......#
######'##.......<####.###
##......#....###@# #.#
##......)....###.# #.#
##.....)#....##..# #.#
........#........####.#
........#...###..##<#.#
........#.........#.#.#
##......#...#.#.###.#.#
##......##....).....#.#
##......##........###.#


You could see 2 gnolls.

Vanquished Creatures
  3 gnolls
  6 adders (D:2)
  10 bats
  7 goblins
  5 hobgoblins
  2 giant newts
  13 kobolds
  9 rats
55 creatures vanquished.

Notes
Turn   | Place    | Note
--------------------------------------------------------------
     0 | Abyss:1  | Kraw, the Halfling Abyssal Knight, began the quest for the Orb.
     0 | Abyss:1  | Reached XP level 1. HP: 15/15 MP: 1/1
     3 | Abyss:1  | Noticed a large abomination
     8 | D:1      | Escaped the Abyss
   254 | D:1      | Reached skill level 3 in Short Blades
   420 | D:1      | Reached XP level 2. HP: 18/20 MP: 2/2
  1053 | D:2      | Acquired Lugonu's second power
  1053 | D:2      | Reached XP level 3. HP: 22/25 MP: 4/4
  1230 | D:2      | Reached skill level 4 in Short Blades
  1293 | D:2      | Reached XP level 4. HP: 8/30 MP: 7/7
  2550 | D:2      | Reached XP level 5. HP: 33/35 MP: 8/8
  2942 | D:2      | Reached skill level 5 in Short Blades
  3611 | D:2      | Mangled by a gnoll

Action                   |  1- 3 |  4- 6 || total
-------------------------+-------+-------++-------
Melee: Short sword       |   100 |   130 ||   230
Throw: Stone             |    43 |    53 ||    96
  Use: Potion            |     2 |     1 ||     3
  Eat: Chunk             |     1 |     5 ||     6
       Meat ration       |       |     1 ||     1
